 Dungeon Crawl Stone Soup version 0.29.0-13-gc9e81de378 (webtiles) character file.

Game seed: 6145466945624004300

320 Ofeo the Firebug (level 7, 0/50 HPs)
             Began as a Meteoran Fire Elementalist on Sept 9, 2022.
             Slain by Edmund
             ... wielding a +3 flail of protection
              (11 damage)
             ... on level 5 of the Dungeon.
             The game lasted 00:05:36 (540 turns).

Ofeo the Firebug (Meteoran Fire Elementalist)        Turns: 540, Time: 00:05:37

Health: 0/50       AC:  2    Str:  9    XL:     7   Next: 5%
Magic:  0/14       EV: 13    Int: 19    God:
Gold:   69         SH:  0    Dex: 15    Spells: 5/14 levels left

rFire   . . .      SeeInvis .   (no weapon)
rCold   . . .      Faith    .   (no shield)
rNeg    . . .      Spirit   .   a - +0 robe
rPois   .          Reflect  .   (no helmet)
rElec   .          Harm     .   (no cloak)
rCorr   .          Rampage  .   (no gloves)
Will    .....                   (no boots)
Stlth   +.........              e - amulet of regeneration
HPRegen 0.96/turn               (no ring)
MPRegen 0.14/turn               (no ring)

@: glowing
A: sense surroundings 1, otherworldly, glowing, explore regen
a: no special abilities


You were on level 5 of the Dungeon.
You visited 1 branch of the dungeon, and saw 6 of its levels.

You collected 69 gold pieces.

Inventory:

Armour
 a - a +0 robe (worn)
 c - a +0 cloak
 f - a +0 buckler
Magical Staves
 d - a staff of air
Jewellery
 e - an amulet of regeneration (around neck)
Scrolls
 g - a scroll of identify {unknown}


   Skills:
 + Level 4.1 Dodging
 + Level 2.6 Stealth
 + Level 4.2 Spellcasting
 + Level 3.4 Conjurations
 + Level 5.0 Fire Magic


You had 5 spell levels left.
You knew the following spells:

 Your Spells              Type           Power      Damage    Failure   Level
a - Foxfire               Conj/Fire      80%        2x1d8     2%          1
b - Scorch                Fire           46%        2d7       2%          2
c - Conjure Flame         Conj/Fire      20%        6-21      7%          3
d - Inner Flame           Hex/Fire       13%        N/A       14%         3

Your spell library contained the following spells:

 Spells                   Type           Power      Damage    Failure   Level
 Ignite Poison            Fire/Tmut/Pois 10%        N/A       21%         3
 Flame Wave               Conj/Fire      20%        2d7       24%         4
 Mephitic Cloud           Conj/Pois/Air  8%         N/A       26%         3
 Freezing Cloud           Conj/Ice/Air   4%         6-21      93%         5


Dungeon Overview and Level Annotations

Branches:
Dungeon (6/15) Zot: 3059
 Temple: D:4-7

Altars:

Portals:
Ossuary: D:5

Annotations:
D:5 Edmund, Grinder


Innate Abilities, Weirdness & Mutations

You passively map a small area around you.
You are easily found by Zot.
You glow in the dark.
You regain HP and MP as you explore.


Message History

You take 2 damage, and have 34/50 hp.
You now have 6/14 mp.
Casting: Foxfire (safe; 2% risk of failure)
Confirm with . or Enter, or press ? or * to list all spells.
Flames lash Edmund.
Edmund is burned terribly!
Edmund is severely wounded.
The foxfire hits Edmund but does no damage.
Edmund is severely wounded.
The foxfire hits Edmund but does no damage.
Edmund is severely wounded.
Edmund closely misses you.
You now have 4/14 mp.
Casting: Scorch (safe; 2% risk of failure)
Confirm with . or Enter, or press ? or * to list all spells.
Flames lash Edmund.
Edmund is burned terribly!
Edmund is almost dead.
Edmund zaps a wand.
The puff of flame hits you!
You take 6 damage, and have 29/50 hp.
You now have 2/14 mp.
Casting: Scorch (safe; 2% risk of failure)
Confirm with . or Enter, or press ? or * to list all spells.
You conjure some foxfire!
Edmund zaps a wand.
The puff of flame hits you!
You take 10 damage, and have 19/50 hp.
You now have 1/14 mp.
Casting: Foxfire (safe; 2% risk of failure)
Confirm with . or Enter, or press ? or * to list all spells.
You conjure some foxfire!
The foxfire hits Edmund but does no damage.
Edmund is almost dead.
Edmund hits you with a +3 flail of protection!
* * * LOW HITPOINT WARNING * * *
The foxfire hits Edmund but does no damage.
Edmund is almost dead.
You take 9 damage, and have 10/50 hp.
Casting: Foxfire (safe; 2% risk of failure)
Confirm with . or Enter, or press ? or * to list all spells.
You conjure some foxfire!
The foxfire hits Edmund but does no damage.
Edmund is almost dead.
The foxfire hits Edmund but does no damage.
Edmund is almost dead.
Edmund hits you with a +3 flail of protection!
You die...

.....'..........)... , +.....#
..#'##..............#, #.....'
∩...........####....#, ,#.....#
............#..#....###+#......
............+..#...............
............#..#...............
,
............#.§#...............
######......#v.#...............
...,#......#v@@.........######
....#......#§.#...†.....#,,
....#......#..#.........# ,
....'......####.....#####* * ,
...#..>............# , ,
....#...............# , ...
#...............# ##
,#...............#
'####+####+#####... ,, *


You could see Edmund (combustible, ally target).

Vanquished Creatures
  A water moccasin (D:5)
  2 jellies
  4 iguanas
  A white imp (D:5)
  A dart slug (D:3)
  5 orcs
  An endoplasm (D:2)
  A giant cockroach (D:1)
  A goblin (D:1)
  3 hobgoblins (D:3)
  4 jackals (D:2)
  3 quokkas
  2 ball pythons
  2 bats
  2 frilled lizards
  A hobgoblin zombie (D:5)
  A kobold (D:4)
  A kobold zombie (D:5)
  A rat (D:3)
  A rat zombie (D:5)
38 creatures vanquished.

Vanquished Creatures (others)
  127 foxfires
127 creatures vanquished.

Grand Total: 165 creatures vanquished

Notes
Turn   | Place    | Note
-------+----------+-------------------------------------------
     0 | D:1      | Ofeo the Meteoran Fire Elementalist began the quest for the
                  | Orb.
     0 | D:1      | Reached XP level 1. HP: 14/14 MP: 5/5
    83 | D:2      | Reached XP level 2. HP: 13/20 MP: 1/6
   180 | D:2      | Identified the +1 chain mail of Sif Muna's Hope {*Corrode
                  | rElec Int-4 SInv}
   229 | D:3      | Reached XP level 3. HP: 22/26 MP: 4/8
   279 | D:4      | Reached skill level 4 in Fire Magic
   286 | D:4      | Reached XP level 4. HP: 30/33 MP: 1/9
   331 | D:4      | Noticed an ogre
   342 | D:5      | Entered Level 5 of the Dungeon
   346 | D:5      | Reached XP level 5. HP: 16/38 MP: 7/11
   349 | D:5      | Learned a level 2 spell: Scorch
   353 | D:5      | Learned a level 3 spell: Conjure Flame
   357 | D:5      | Learned a level 3 spell: Inner Flame
   388 | D:5      | Noticed a water moccasin
   394 | D:5      | Killed a water moccasin
   395 | D:5      | Reached XP level 6. HP: 36/45 MP: 1/13
   468 | D:5      | Found a sand-covered staircase.
   495 | D:5      | Reached skill level 5 in Fire Magic
   495 | D:5      | Reached XP level 7. HP: 50/50 MP: 10/14
   505 | D:5      | Noticed Edmund
   506 | D:5      | Noticed Grinder
   540 | D:5      | Slain by Edmund

Illustrated notes

Levels and vault maps discovered:
D:1:      saegor_arrival_under_anarchy, layout_rooms, minmay_lizard_pond
D:2:      layout_rooms, uniq_crazy_yiuf_cottage
D:3:      minmay_inner_zag, layout_basic, shapermc_ecumenical_altar_flowoftime,
          ebering_ghost_rock_garden, serial_park_tiny_2, minmay_quantized
D:4:      minmay_diamond_boxcup, layout_rooms, mainiacjoe_overflow_24_doors,
          minmay_temple_entry_offerings
D:5:      layout_gridville, nemelex_spade_bored_becter, enter_ossuary_3,
          uniq_grinder, uniq_edmund
D:6:      layout_gridville, tgw_kikubaaqudgha

Skill      XL: |  1  2  3  4  5  6 |
---------------+-------------------+-----
Spellcasting   | 3 4 |  4.2
Fire Magic     | 4 5 |  5.0
Dodging        | 3 4 |  4.1
Conjurations   | 2 3 |  3.4
Stealth        | 2 |  2.6

Action                   |  1- 3 |  4- 6 |  7- 9 || total
-------------------------+-------+-------+-------++-------
Melee: Unarmed           |    16 |    14 |       ||    30
 Cast: Foxfire           |    45 |    18 |     9 ||    72
       Scorch            |       |    14 |    10 ||    24
       Conjure Flame     |       |       |     1 ||     1
  Use: Potion            |     2 |       |     1 ||     3
Armor: Robe              |     4 |     3 |       ||     7
Dodge: Dodged            |    30 |    13 |     2 ||    45
